 Dungeon Crawl Stone Soup version 0.29.1-2-gbd0b4ee654 (webtiles) character file.

Game seed: 12600283974984377686

42 xian the Gusty (level 3, 0/19 HPs)
             Began as a Tengu Air Elementalist on Nov 1, 2022.
             Was a Plaything of Xom.
             Slain by Natasha (2 damage)
             ... on level 2 of the Dungeon.
             The game lasted 00:02:39 (1660 turns).

xian the Gusty (Tengu Air Elementalist)             Turns: 1660, Time: 00:02:39

Health: 0/19       AC:  2    Str:  8    XL:     3   Next: 54%
Magic:  3/7        EV: 12    Int: 17    God:    Xom [......]
Gold:   61         SH:  0    Dex: 14    Spells: 0/6 levels left

rFire   . . .      SeeInvis .   c - +0 short sword
rCold   . . .      Faith    .   (no shield)
rNeg    . . .      Spirit   .   a - +0 robe
rPois   .          Reflect  .   (helmet restricted)
rElec   .          Harm     .   (no cloak)
rCorr   .          Rampage  .   (no gloves)
Will    .....                   (boots unavailable)
Stlth   ++........              (no amulet)
HPRegen 0.06/turn               (no ring)
MPRegen 0.10/turn               (no ring)

@: very slightly contaminated, slowed, very slow
A: beak, talons 3
a: Renounce Religion


You were on level 2 of the Dungeon.
You worshipped Xom.
You were a very special plaything of Xom.
You visited 1 branch of the dungeon, and saw 2 of its levels.

You collected 61 gold pieces.

Inventory:

Hand Weapons
 c - a +0 short sword (weapon)
Armour
 a - a +0 robe (worn)
Scrolls
 e - 3 scrolls of enchant weapon {unknown}
 i - a scroll of poison {unknown}
 j - a scroll of identify {unknown}
 m - a scroll of noise {unknown}
Potions
 b - a potion of magic
 d - a potion of lignification {unknown}
 f - a potion of might {unknown}
 g - 2 potions of curing {unknown}
 h - 2 potions of degeneration {unknown}
 k - a potion of berserk rage {unknown}
 l - a potion of mutation {unknown}


   Skills:
 + Level 0.1 Short Blades
 + Level 2.6 Dodging
 + Level 2.0 Stealth
 + Level 2.3 Spellcasting
 + Level 1.7 Conjurations
 + Level 5.0 Air Magic


You couldn't memorise any spells.
You knew the following spells:

 Your Spells              Type           Power      Damage    Failure   Level
a - Shock                 Conj/Air       52%        1d6       4%          1
b - Static Discharge      Conj/Air       13%        3-5/arc   7%          2
c - Swiftness             Air            19%        N/A       7%          3

Your spell library contained the following spells:

 Spells                   Type           Power      Damage    Failure   Level
 Airstrike                Air            9%         2d(2-18)  22%         4


Dungeon Overview and Level Annotations

Branches:
Dungeon (2/15)

Altars:
Xom

Annotations:
D:2 Natasha


Innate Abilities, Weirdness & Mutations

You have a beak for a mouth.
You have claws for feet.


Message History

There is a stone staircase leading up here.
The zap hits the adder.
The adder is lightly wounded.
The adder hisses angrily.
The zap hits the adder.
The adder is severely wounded.
The zap misses the adder.
The zap hits the adder.
You kill the adder!
Your Air Magic skill increases to level 5!
Xom's power almost touches on you for a moment.
Your golden potion briefly glows.
You are now a very special plaything of Xom.
Magic restored.
g - 2 murky red potions (gained 1)
You now have 61 gold pieces (gained 8).
m - a scroll labelled DIMAKL ROIMNAU Natasha, Servant of Life and Death comes into view.
You miscast Shock.
You are very lightly contaminated with residual magic.
Nothing appears to happen.
The zap hits Natasha.
Natasha is lightly wounded.
Natasha hisses angrily.
Natasha casts a spell.
Found a scroll labelled QIDO VOAW CEO and 2 metallic ruby potions.
Natasha stares at you and mumbles some strange words.
You feel yourself slow down. Natasha casts a spell at you.
The magic dart hits you!
Casting: Shock (safe; 4% risk of failure)
Confirm with . or Enter, or press ? or * to list all spells.
Natasha is struck by an arc of lightning.
Natasha is heavily wounded.
You are struck by an arc of lightning.
The lightning grounds out.
Natasha claws you.
* * * LOW HITPOINT WARNING * * *
Natasha claws you.
You die...
Xom titters!

#. ... #.. ... ... #.#
#.# ....
#..##.######..##
#.......$......
#####..#......... #
###.............?.. #.
###...#...##.........
..##...###...###@.##.##
.............####h.#
.##..#####.......5....
.#.....###...####.......
........##...# #......
.........##### .!....
.........# ......
.........# .....#
.........#


You could see Natasha and a crimson imp (summoned).

Vanquished Creatures
  An adder (D:2)
  3 dart slugs (D:1)
  4 bats (D:1)
  2 endoplasms (D:1)
  2 giant cockroaches (D:1)
  A goblin (D:1)
  2 hobgoblins (D:1)
  2 quokkas (D:1)
  2 ball pythons (D:1)
  2 frilled lizards (D:1)
  3 kobolds (D:1)
  3 rats (D:1)
27 creatures vanquished.

Notes
Turn   | Place    | Note
-------+----------+-------------------------------------------
     0 | D:1      | xian the Tengu Air Elementalist began the quest for the
                  | Orb.
     0 | D:1      | Reached XP level 1. HP: 10/10 MP: 4/4
   449 | D:1      | Reached XP level 2. HP: 12/15 MP: 1/6
   708 | D:1      | Found a faded altar of an unknown god.
   726 | D:1      | Prayed at the altar of an unknown god.
   726 | D:1      | Became a worshipper of The Xom-Meister, Xom-Xom-bo-Bom,
                  | Banana-Fana-fo-Fom
   803 | D:1      | Learned a level 2 spell: Static Discharge
   969 | D:1      | Reached XP level 3. HP: 18/19 MP: 1/7
  1085 | D:1      | Learned a level 3 spell: Swiftness
  1265 | D:1      | XOM: silly message
  1593 | D:2      | Reached skill level 5 in Air Magic
  1617 | D:2      | XOM: silly message
  1654 | D:2      | Noticed Natasha
  1660 | D:2      | Slain by Natasha

Illustrated notes

Levels and vault maps discovered:
D:1:      onia_arrival_pentagram, layout_loops_ring,
          hellmonk_ecumenical_altar_defaced_shrine
D:2:      layout_rooms, uniq_natasha

Skill      XL: |  1  2  3 |
---------------+----------+-----
Air Magic      | 5 |  5.0
Short Blades   | |  0.1
Dodging        | |  2.6
Stealth        | |  2.0
Spellcasting   | |  2.3
Conjurations   | |  1.7

Action                   || total
-------------------------++-------
Melee: Short sword       ||    15
       Kick              ||     6
       Peck              ||     1
 Cast: Shock             ||    55
       Static Discharge  ||     1
Armor: Robe              ||     2
Dodge: Dodged            ||    14
